 Dungeon Crawl Stone Soup version 0.24.1-4-ge52af88ad5 (webtiles) character file.

Game seed: 10344303381157637825, levelgen mode: deterministic

19 Doot the Magician (level 2, -3/15 HPs)
             Began as a Deep Elf Wizard on Apr 20, 2020.
             Killed from afar by an orc wizard (6 damage)
             ... with a puff of flame
             ... on level 4 of the Dungeon.
             The game lasted 00:01:44 (575 turns).

Doot the Magician (Deep Elf Wizard)                  Turns: 575, Time: 00:01:45

Health: -3/15      AC:  3    Str:  4    XL:     2   Next: 55%
Magic:  5/10       EV: 13    Int: 22    God:
Gold:   45         SH:  0    Dex: 13    Spells: 8/11 levels left

rFire    . . .     SeeInvis .   (no weapon)
rCold    . . .     Gourm    .   (no shield)
rNeg     . . .     Faith    .   a - +0 robe
rPois    .         Spirit   .   b - +0 hat
rElec    .         Reflect  .   (no cloak)
rCorr    .         Harm     .   (no gloves)
MR       .....                  e - +0 pair of boots
Stlth    +.........             (no amulet)
HPRegen  0.05/turn              g - ring of attention (curse)
MPRegen  0.12/turn              (no ring)

@: no status effects
A: no striking features
a: no special abilities


You were on level 4 of the Dungeon.
You were not hungry.

You visited 1 branch of the dungeon, and saw 4 of its levels.

You collected 45 gold pieces.

Inventory:

Armour
 a - a +0 robe (worn)
 b - a +0 hat (worn)
 e - a +0 pair of boots (worn)
Jewellery
 g - a cursed ring of attention (left hand)
Scrolls
 f - a scroll of enchant armour {unknown}
 h - a scroll of teleportation {unknown}
 i - 2 scrolls of magic mapping {unknown}
 j - a scroll of fog {unknown}
 l - a scroll of immolation {unknown}
Potions
 c - a potion of brilliance {unknown}
 k - 2 potions of degeneration {unknown}
Comestibles
 d - a ration


   Skills:
 + Level 2.6 Dodging
 + Level 2.5 Stealth
 + Level 5.4 Spellcasting
 + Level 1.1 Conjurations
   Level 1.1 Summonings
 + Level 1.1 Translocations


You had 8 spell levels left.
You knew the following spells:

 Your Spells              Type           Power        Failure   Level  Hunger
a - Magic Dart            Conj           ##..         6%          1    None
b - Blink                 Tloc           N/A          10%         2    None

Your spell library contained the following spells:

 Spells                   Type           Power        Failure   Level  Hunger
 Call Imp                 Summ           ##......     10%         2    None
 Slow                     Hex            #.......     14%         2    None
 Conjure Flame            Conj/Fire      #.......     22%         3    ##.....
 Mephitic Cloud           Conj/Pois/Air  #.......     26%         3    ##.....


Dungeon Overview and Level Annotations

Branches:
Dungeon (4/15)
 Temple: D:4-7

Altars:

Annotations:
D:3 Terence


Message History

You see here 16 bolts.
You're too confused to move!
You hear some strange, mumbled words.
A puff of flame appears from out of thin air!
The puff of flame misses you.
You bump into the rock wall.
You feel less confused. Something hits you.
* * * LOW HITPOINT WARNING * * *
You see here 21 stones.
Casting: Magic Dart (safe; 6% risk of failure)
Confirm with . or Enter, or press ? or * to list all spells.
Aiming: Magic Dart (safe; 6% risk of failure)
Press: ? - help, Shift-Dir - straight line, f/p - orc
Aim: an orc The magic dart hits something.
You hear some strange, mumbled words.
A puff of flame appears from out of thin air!
The puff of flame hits you.
You die...

##....# ..... #.)#
#.# ##(# ##(.#
#lo###########
#{#...........
#@#..........#
#..#.........#
...##.........#
#.## #.........##
... #...........
#.######..........#
...
..............## ##
###...<........
.....##[........


You could see an orc and a frilled lizard.

Vanquished Creatures
  2 orcs
  4 goblins
  3 hobgoblins (D:2)
  3 kobolds
  A bat (D:2)
  2 frilled lizards
  2 rats
17 creatures vanquished.

Notes
Turn   | Place    | Note
-------+----------+-------------------------------------------
     0 | D:1      | Doot the Deep Elf Wizard began the quest for the Orb.
     0 | D:1      | Reached XP level 1. HP: 10/10 MP: 7/7
   139 | D:2      | Reached skill level 5 in Spellcasting
   215 | D:2      | Reached XP level 2. HP: 15/15 MP: 7/10
   232 | D:2      | Learned a level 2 spell: Blink
   303 | D:3      | Found a faded altar of an unknown god.
   307 | D:3      | Noticed Terence
   575 | D:4      | Killed from afar by an orc wizard

Levels and vault maps discovered:
D:1:      minmay_arrival_split_and_join, layout_loops_ring
D:2:      layout_basic
D:3:      layout_loops_ring, chequers_ecumenical_altar_simple_redux,
          first_ration, uniq_grinder, uniq_terence
D:4:      layout_rooms, enter_ossuary_2, corexii_item_surrounded_by_moat

Skill      XL: |  1 |
---------------+----+-----
Spellcasting   | 5 |  5.4
Dodging        | |  2.6
Stealth        | |  2.5
Conjurations   | |  1.1
Summonings     | |  1.1
Translocations | |  1.1

Action                   || total
-------------------------++-------
 Cast: Magic Dart        ||    39
Armor: Robe              ||     3
Dodge: Dodged            ||     8
